cohdb
Replays
Latest Replays
All Replays
Popular Replays
Top Player Replays
Match Explorer
How It Works
Community
CoH3 Stats
Reddit
Sign in to upload your games and track your stats! →
Sign in with Steam
Match 42075679
Unlisted
Match 42075679
Overview
Messages
Build Orders
End
Kradschützen Motorcycle Team
Selects Panzerjäger Kommand Battlegroup
Selects Blockade Equipment
Panzergrenadier Squad
Panzergrenadier Squad
Construct Light Support Kompanie
Panzerjäger Squad
MG34 Team
Panzerjäger Mechanized Group
Construct Mechanized Kompanie
Selects GrB 39 Grenade Launcher Requisition
8 Rad Armored Car
Vehicle Survival Package
Marder III Tank Destroyer
2.5-tonne Medical Truck
Assault Mechanized Group
Combat Half-tracks
Selects Defensive Positions
Selects Butterfly Bomb Drop
Butterfly Bomb Drop
254 Reconnaissance Tractor
Butterfly Bomb Drop
Marder III Tank Destroyer
AI Takeover
[82AD] PaulVmax
max
MSZW
조영
Nr03
azur
Patton
二百五战术
0
0
Comments
sign in to comment!
No comments posted yet!